 Dungeon Crawl Stone Soup version 0.32-a0-131-g9dbbe29 (webtiles) character file.

Game seed: 17423625933702027184

362 danspanner the Sneak (level 6, -5/36 HPs)
             Began as an Octopode Conjurer on Feb 8, 2024.
             Slain by Duvessa
             ... wielding a +0 rapier
              (7 damage)
             ... on level 4 of the Dungeon.
             The game lasted 00:10:03 (2997 turns).

danspanner the Sneak (Octopode Conjurer)            Turns: 2997, Time: 00:10:03

Health: -5/36      AC:  1    Str:  6    XL:     6   Next: 66%
Magic:  0/11       EV: 13    Int: 23    God:
Gold:   184        SH:  0    Dex: 10    Spells: 6/11 levels left

rFire   + . .        b - +0 short sword
rCold   x . .        (no shield)
rNeg    . . .        (helmet restricted)
rPois   .            (no amulet)
rElec   .            m - ring of fire
rCorr   .            (no ring)
SInv    .            (no ring)
Will    .....        (no ring)
Stlth   ++++         (no ring)
HPRegen 0.26/turn    (no ring)
MPRegen 0.12/turn    (no ring)
                     (no ring)

%: no passive effects
@: no status effects
A: almost no armour, amphibious, 8 rings, camouflage 1, gelatinous body 1,
(nimble swimmer 1), tentacles
a: no special abilities


You were on level 4 of the Dungeon.
You visited 1 branch of the dungeon, and saw 4 of its levels.

You collected 184 gold pieces.

Inventory:

Hand Weapons
 b - a +0 short sword (weapon)
Missiles
 o - 2 curare-tipped darts
Jewellery
 m - a ring of fire (left tentacle)
Wands
 l - a wand of quicksilver (6)
Scrolls
 g - 4 scrolls of teleportation
 i - 3 scrolls of vulnerability {unknown}
 k - a scroll of blinking
Potions
 a - a potion of magic
 c - 3 potions of curing {unknown}
 d - a potion of degeneration {unknown}
 e - 3 potions of might {unknown}
 f - a potion of brilliance {unknown}
 h - a potion of attraction {unknown}
 j - a potion of invisibility {unknown}
 n - a potion of enlightenment {unknown}


   Skills:
 + Level 3.5 Dodging
 + Level 5.0 Stealth
 + Level 3.3 Spellcasting
 + Level 4.9 Conjurations
 + Level 2.2 Fire Magic


You had 6 spell levels left.
You knew the following spells:

 Your Spells              Type           Power      Damage    Failure   Level
a - Magic Dart            Conj           100%       1d8       1%          1
b - Searing Ray           Conj           52%        2d6       2%          2
c - Scorch                Fire           42%        2d6       7%          2

Your spell library contained the following spells:

 Spells                   Type           Power      Damage    Failure   Level
 Freeze                   Ice            12%        1d3       11%         1
 Hailstorm                Conj/Ice       15%        3d6       12%         3
 Flame Wave               Conj/Fire      30%        2d9       26%         4
 Frozen Ramparts          Ice            6%         1d1       32%         3
 Fulminant Prism          Conj/Alch      7%         3d7       36%         4
 Iskenderun's Mystic Bla  Conj/Tloc      15%        2d5       36%         4
 Summon Cactus Giant      Summ           1%         N/A       100%        6


Dungeon Overview and Level Annotations

Branches:
Dungeon (4/15)
 Temple: D:4-7

Altars:

Annotations:
D:4 Duvessa


Innate Abilities, Weirdness & Mutations

You cannot wear most types of armour.
You are amphibious.
You can wear up to eight rings at the same time.
Your skin changes colour to match your surroundings (Stealth+).
Your rubbery body absorbs attacks. (AC +1, EV +1)
((You are camouflaged when in or above water. (Stealth+)))
You have tentacles for arms and can constrict up to eight enemies at once.


Message History

Casting: Scorch (safe; 7% risk of failure)
Confirm with . or Enter, or press ? or * to list all spells.
You feel a surge of power!
Flames lash Duvessa.
Duvessa is burned terribly!
Duvessa is moderately wounded.
Duvessa hits you with a +0 rapier! Duvessa attacks as she pursues you!
Duvessa hits you with a +0 rapier! x2
* * * LOW HITPOINT WARNING * * *
Okay, then.
Blink to where?
Press: ? - help, Dir - move target
As you read the scroll of blinking, it crumbles to dust.
Casting: Scorch (safe; 7% risk of failure)
Confirm with . or Enter, or press ? or * to list all spells.
Aiming: Magic Dart (safe; 1% risk of failure)
Press: ? - help, Shift-Dir - straight line, f - Duvessa
Aim: Duvessa, wielding a +0 rapier and wearing a +0 leather armour (translocational energy, moderately wounded, berserk, more vulnerable to fire, 100% to hit)
The magic dart hits Duvessa.
Duvessa is moderately wounded.
Casting: Magic Dart (safe; 1% risk of failure)
Confirm with . or Enter, or press ? or * to list all spells.
Aiming: Magic Dart (safe; 1% risk of failure)
Press: ? - help, Shift-Dir - straight line, f/p - Duvessa
Aim: Duvessa, wielding a +0 rapier and wearing a +0 leather armour (moderately wounded, berserk, more vulnerable to fire, 100% to hit)
The magic dart hits Duvessa.
Duvessa is moderately wounded.
Duvessa rages.
Casting: Magic Dart (safe; 1% risk of failure)
Confirm with . or Enter, or press ? or * to list all spells.
Aiming: Searing Ray (safe; 2% risk of failure)
Press: ? - help, Shift-Dir - straight line, f/p - Duvessa
Aim: Duvessa, wielding a +0 rapier and wearing a +0 leather armour (moderately wounded, berserk, more vulnerable to fire, 82% to hit)
The searing ray hits Duvessa.
Duvessa is moderately wounded. (Press . to maintain the ray.)
The searing ray hits Duvessa.
Duvessa is moderately wounded.
Duvessa is no longer more vulnerable to fire.
The searing ray misses Duvessa.
Duvessa misses you. Duvessa hits you with a +0 rapier!
You die...

###[....†.....## .....# .##
.....#...†.....####..... ..#
.#...##.........#.......##..###
.....##.....##.....###..#.....##e
.........#######....# #..$.......
##........###.##...## #....# !..
...................# ##..###..#
#.........##.......###...#....##
#..............@e...............
..............#......###..†.....
......#...##..#..............##.
#....###.######)......###....#
##...####..#.#.#....<..#....#.#
#......##.).................#...
.#.....##...#.>...........### #..
........##..###..........### ..
..............#............##.


You could see Duvessa (berserk).

Vanquished Creatures
  Menkaure (D:4)
  Dowan (D:4)
  2 bombardier beetles (D:4)
  A hound (D:3)
  2 adders
  A dart slug (D:3)
  2 ribbon worms (D:2)
  3 orcs (D:3)
  5 ball pythons
  3 bats
  7 endoplasms
  6 giant cockroaches
  6 goblins
  3 hobgoblins
  6 jackals
  5 quokkas
  2 frilled lizards (D:1)
  5 kobolds
  7 rats
68 creatures vanquished.

Notes
Turn   | Place    | Note
-------+----------+-------------------------------------------
     0 | D:1      | danspanner the Octopode Conjurer began the quest for the
                  | Orb.
     0 | D:1      | Reached XP level 1. HP: 11/11 MP: 3/3
   217 | D:1      | Reached skill level 3 in Stealth
   221 | D:1      | Reached XP level 2. HP: 2/17 MP: 1/5
   227 | D:1      | Learned a level 2 spell: Searing Ray
  1071 | D:2      | Reached XP level 3. HP: 21/21 MP: 2/6
  1074 | D:2      | Learned a level 2 spell: Scorch
  1731 | D:3      | Reached XP level 4. HP: 24/27 MP: 7/7
  1905 | D:3      | Reached skill level 1 in Fire Magic
  2013 | D:3      | Reached skill level 4 in Stealth
  2133 | D:3      | Found a faded altar of an unknown god.
  2481 | D:4      | Reached XP level 5. HP: 27/31 MP: 9/9
  2762 | D:4      | Noticed Menkaure
  2797 | D:4      | Killed Menkaure
  2798 | D:4      | Reached XP level 6. HP: 20/36 MP: 4/10
  2869 | D:4      | Noticed Dowan
  2870 | D:4      | Noticed Duvessa
  2888 | D:4      | Killed Dowan
  2889 | D:4      | Reached skill level 5 in Stealth
  2991 | D:4      | HP: 1/36 [Duvessa/+0 rapier (11)]
  2997 | D:4      | Slain by Duvessa

Illustrated notes

Levels and vault maps discovered:
D:1:      lightli_arrival_statue_moat, layout_loops_corners,
          minmay_misc_feat_iff
D:2:      layout_loops_ring
D:3:      layout_rooms, dilly_ecumenical_altar_fadedgnrine,
          minmay_misc_feat_enclosed, nicolae_figureground_sparkle
D:4:      layout_cave_pools, bloody_makhleb, serial_library_hellmonk_junction,
          uniq_menkaure, uniq_duvessa

Skill      XL: |  1  2  3  4  5  6 |
---------------+-------------------+-----
Stealth        | 3 4 5 |  5.0
Fire Magic     | 1 2 |  2.2
Dodging        | 3 |  3.5
Spellcasting   | 3 |  3.3
Conjurations   | |  4.9

Action                     |  1- 3 |  4- 6 || total
---------------------------+-------+-------++-------
  Melee: Short sword       |    72 |    46 ||   118
         Constrict         |    19 |    11 ||    30
         Tentacles         |    13 |    10 ||    23
         Unarmed           |     3 |       ||     3
         Punch             |     3 |     2 ||     5
   Cast: Magic Dart        |    15 |    21 ||    36
         Searing Ray       |     1 |     8 ||     9
         Scorch            |       |     5 ||     5
    Use: Scroll            |     2 |     5 ||     7
   Stab: Sleeping          |     9 |     8 ||    17
 Armour: Skin              |    24 |    26 ||    50
  Dodge: Dodged            |    36 |    30 ||    66

Table legend: (Time is in decaauts)
 A = Elapsed time spent in this place.
 B = Non-inter-level travel time spent in this place.
 C = Inter-level travel time spent in this place.
 D = Time resting spent in this place.
 E = Time spent auto-exploring this place.
 F = Levels seen in this place.
 G = Mean time per level.
                   A        B        C        D        E       F      G
               +--------+--------+--------+--------+--------+-----+--------+
         Total |   2995 |   2916 |     79 |     76 |   2349 |   4 |  748.8 |
       Dungeon |   2995 |   2916 |     79 |     76 |   2349 |   4 |  748.8 |
               +--------+--------+--------+--------+--------+-----+--------+

Top non-repeatable levels by time:
     D:1: 979 daAuts
     D:2: 723 daAuts
     D:3: 669 daAuts
     D:4: 622 daAuts
